 Dungeon Crawl Stone Soup version 0.31-a0-176-g91f28db67f (webtiles) character file.

Game seed: 2458026935595651177

41 qw the Chopper (level 3, 0/23 HPs)
             Began as a Gargoyle Fighter on June 17, 2023.
             Slain by Terence
             ... wielding a +0 trident
              (3 damage)
             ... on level 2 of the Dungeon.
             The game lasted 00:00:35 (1013 turns).

qw the Chopper (Gargoyle Fighter)                   Turns: 1013, Time: 00:00:36

Health: 0/23       AC: 10    Str: 21    XL:     3   Next: 52%
Magic:  3/3        EV:  9    Int:  8    God:
Gold:   22         SH:  4    Dex:  9    Spells: 2/2 levels left

rFire   . . .        Y - +0 war axe
rCold   . . .        c - +0 buckler
rNeg    + . .        b - +0 scale mail
rPois   inf          (no helmet)
rElec   +            (no cloak)
rCorr   .            (no gloves)
SInv    .            (no boots)
Will    .....        (no amulet) Stlth
                     (no ring)
HPRegen 0.23/turn    (no ring)
MPRegen 0.08/turn

%: no passive effects
@: no status effects
A: sickness immunity, AC +3, negative energy resistance 1, electricity
resistance, torment resistance 1, petrification resistance
a: no special abilities


You were on level 2 of the Dungeon.
You visited 1 branch of the dungeon, and saw 2 of its levels.

You collected 22 gold pieces.


Innate Abilities, Weirdness & Mutations

You are immune to sickness and miasma.
Your stone body is resilient. (AC +3)
You are immune to poison.
You resist negative energy. (rN+)
You are resistant to electric shocks. (rElec)
You are resistant to unholy torment.
You are immune to petrification.


   Skills:
 - Level 3.2 Fighting
 + Level 3.4 Axes
 - Level 3.2 Armour
 - Level 3.2 Shields


You had 2 spell levels left.
You didn't know any spells.
Your spell library was empty.

Inventory:

Hand Weapons
 k - a +0 whip
 Y - a +0 war axe (weapon)
Armour
 b - a +0 scale mail (worn)
 c - a +0 buckler (worn)
Jewellery
 a - an amulet of regeneration
Potions
 d - a potion of might
 e - a potion of curing {unknown}
 g - a potion of lignification {unknown}
 h - a potion of enlightenment

Dungeon Overview and Level Annotations

Branches:
Dungeon (2/15)

Altars:

Annotations:
D:2 Terence


Message History

You closely miss the frilled lizard. The bat closely misses you.
The frilled lizard barely misses you. Terence hits you with a +0 trident.
You block the ball python's attack. The ball python constricts you.
Terence hits you but does no damage. The frilled lizard bites you.
You barely miss the ball python. You hit Terence but do no damage.
You hit the frilled lizard but do no damage.
The bat hits you but does no damage. x2
The ball python bites you but does no damage.
The ball python constricts you. The frilled lizard bites you.
Terence hits you with a +0 trident. The ball python closely misses you.
The ball python constricts you.
You barely miss the ball python. You hit Terence but do no damage.
You barely miss the bat. You closely miss the frilled lizard.
The bat barely misses you. The bat hits you but does no damage.
The ball python bites you but does no damage.
The ball python constricts you. You block the frilled lizard's attack.
The bat hits you but does no damage. Terence hits you but does no damage.
The ball python bites you. The ball python constricts you.
Terence hits you with a +0 trident. You block the frilled lizard's attack.
You slash the ball python!
You kill the ball python!
You slash the frilled lizard!
You kill the frilled lizard!
You barely miss Terence. The bat hits you. The bat misses you.
Terence hits you but does no damage.
You hit Terence but do no damage.
Terence is severely wounded.
You barely miss the bat. The bat hits you but does no damage.
Terence barely misses you. The bat closely misses you.
You hit Terence but do no damage.
Terence is severely wounded.
You slash the bat!
You kill the bat!
Terence barely misses you. Terence hits you but does no damage.
You closely miss Terence.
Terence is severely wounded.
Terence hits you with a +0 trident.
You die...

#...## ##........#
#....# ..........#
#..<.# ..........#
####..... ..........#
##>...###. ..........#
#..#### #( ..........#
##.## #.
......%@..####..# #####%
.......@......<####...%.
.......%..#..#####..####
..........#........## #
..........#.##...### #
#########%......#### #
#.#.###....### #
#######...# ####...# #
#.......### ###.###
#.....### #....


You could see Terence.

Vanquished Creatures
  A worm (D:2)
  5 endoplasms (D:1)
  2 jackals (D:1)
  5 kobolds (D:1)
  3 quokkas
  5 ball pythons
  4 bats
  4 frilled lizards
  3 goblins (D:1)
  5 rats
37 creatures vanquished.

Notes
Turn   | Place    | Note
-------+----------+-------------------------------------------
     0 | D:1      | qw the Gargoyle Fighter began the quest for the Orb.
     0 | D:1      | Reached XP level 1. HP: 14/14 MP: 1/1
     0 | D:1      | 0 ||| qw: Version: 0.3-a-5-g6f28e65
     0 | D:1      | 0 ||| qw: Game counter: 491
     0 | D:1      | 0 ||| qw: Always use a shield: true
     0 | D:1      | 0 ||| qw: God list: Okawaru
     0 | D:1      | 0 ||| qw: Allow faded altars: false
     0 | D:1      | 0 ||| qw: Do Orc after D:15 true
     0 | D:1      | 0 ||| qw: Do second Lair branch before Depths: true
     0 | D:1      | 0 ||| qw: Lair rune preference: random
     0 | D:1      | 0 ||| qw: Plans: Normal, Zot:1-4, Slime:5, God:TSO, Crypt,
                  | Tomb, Abyss, Pan, Hells, Win
     0 | D:1      | 0 ||| PLANNING D:1-11
    74 | D:1      | Reached XP level 2. HP: 19/19 MP: 2/2
    87 | D:1      | 87 ||| Stepping ~*~*~tactically~*~*~ (stealth).
    97 | D:1      | 97 ||| Stepping ~*~*~tactically~*~*~ (stealth).
   236 | D:1      | 236 ||| Stepping ~*~*~tactically~*~*~ (stealth).
   258 | D:1      | Reached skill level 3 in Axes
   394 | D:1      | 394 ||| Stepping ~*~*~tactically~*~*~ (stealth).
   395 | D:1      | 395 ||| Stepping ~*~*~tactically~*~*~ (stealth).
   396 | D:1      | 396 ||| Stepping ~*~*~tactically~*~*~ (stealth).
   405 | D:1      | Reached XP level 3. HP: 22/23 MP: 3/3
   495 | D:1      | 495 ||| DROPPING +0 club.
   815 | D:1      | 815 ||| READING scroll labelled DAEQACYVUKE.
   820 | D:1      | 820 ||| READING scroll labelled MUBROXAWEU.
   821 | D:1      | 821 ||| READING scroll labelled NYNEIPL VAECYU.
   822 | D:1      | 822 ||| DRINKING 2 sedimented coppery potions.
  1000 | D:2      | Noticed Terence
  1009 | D:2      | HP: 3/23 [Terence/+0 trident (5)]
  1013 | D:2      | Slain by Terence

Levels and vault maps discovered:
D:1:      dpeg_arrival_lava_altar, layout_basic
D:2:      layout_rooms, uniq_terence

Skill      XL: |  1  2 |
---------------+-------+-----
Axes           | 2 3 |  3.4
Fighting       | |  3.2
Armour         | |  3.2
Shields        | |  3.2

Action                     || total
---------------------------++-------
  Melee: War axe           ||   105
    Use: Scroll            ||     3
         Potion            ||     1
 Armour: Scale mail        ||    63
  Dodge: Dodged            ||    46
  Block: Buckler           ||    23

Table legend:
 A = Non-vault XP
 B = Vault XP
 C = Vault XP percentage of total XP
 D = Non-vault monster count
 E = Vault monster count
 F = Vault count percentage of total count
                 A         B        C        D         E       F
            +---------+---------+-------+---------+---------+-------
      Total |      59 |       0 |   0.0 |      37 |       0 |   0.0
            +---------+---------+-------+---------+---------+-------
        D:1 |      47 |       0 |   0.0 |      31 |       0 |   0.0
        D:2 |      12 |       0 |   0.0 |       6 |       0 |   0.0
            +---------+---------+-------+---------+---------+-------
